 Dungeon Crawl Stone Soup version 0.28.0-43-g3370ac3207 (webtiles) character file.

Game seed: 4311220387468520886

25 Ablot the Grasshopper (level 3, -1/31 HPs)
             Began as a Gnoll Warper on Mar 3, 2022.
             Slain by an adder (4 damage)
             ... on level 2 of the Dungeon.
             The game lasted 00:00:58 (682 turns).

Ablot the Grasshopper (Gnoll Warper)                 Turns: 682, Time: 00:00:58

Health: -1/31      AC:  3    Str: 12    XL:     3   Next: 4%
Magic:  9/9        EV: 12    Int: 12    God:
Gold:   44         SH:  0    Dex: 11    Spells: 9/11 levels left

rFire   . . .      SeeInvis .   j - staff of poison
rCold   . . .      Faith    .   (no shield)
rNeg    . . .      Spirit   .   b - +0 leather armour
rPois   +          Reflect  .   (no helmet)
rElec   .          Harm     .   (no cloak)
rCorr   .          Rampage  .   (no gloves)
Will    .....                   (no boots)
Stlth   +.........              (no amulet)
HPRegen 0.10/turn               (no ring)
MPRegen 0.11/turn               (no ring)

@: no status effects
A: fangs 1, strong nose, distributed training
a: no special abilities


You were on level 2 of the Dungeon.
You visited 1 branch of the dungeon, and saw 2 of its levels.

You collected 44 gold pieces.

Inventory:

Hand Weapons
 a - a +0 spear
Missiles
 d - 5 boomerangs of dispersal (quivered)
 e - 63 arrows
Armour
 b - a +0 leather armour (worn)
Magical Staves
 i - a staff of fire
 j - a staff of poison (weapon)
Scrolls
 c - a scroll of blinking
 g - a scroll of summoning {unknown}
Potions
 f - a potion of might {unknown}
 h - a potion of lignification {unknown}


   Skills:
 + Level 4.5 Fighting
 + Level 0.5 Short Blades
 + Level 0.5 Long Blades
 + Level 0.5 Axes
 + Level 0.5 Maces & Flails
 + Level 4.5 Polearms
 + Level 0.5 Staves
 + Level 0.5 Slings
 + Level 0.5 Bows
 + Level 0.5 Crossbows
 + Level 2.5 Throwing
 + Level 2.5 Armour
 + Level 4.5 Dodging
 + Level 0.5 Stealth
 + Level 0.5 Shields
 + Level 0.5 Unarmed Combat
 + Level 4.9 Spellcasting
 + Level 0.4 Conjurations
 + Level 0.4 Hexes
 + Level 0.4 Summonings
 + Level 0.4 Necromancy
 + Level 5.4 Translocations
 + Level 0.4 Transmutations
 + Level 0.4 Fire Magic
 + Level 0.4 Ice Magic
 + Level 0.4 Air Magic
 + Level 0.4 Earth Magic
 + Level 0.4 Poison Magic
 + Level 0.7 Invocations
 + Level 0.5 Evocations


You had 9 spell levels left.
You knew the following spells:

 Your Spells              Type           Power      Damage    Failure   Level
a - Blink                 Tloc           30%        N/A       4%          2

Your spell library contained the following spells:

 Spells                   Type           Power      Damage    Failure   Level
 Gell's Gravitas          Tloc           15%        N/A       9%          3
 Lesser Beckoning         Tloc           15%        N/A       9%          3
 Teleport Other           Tloc           15%        N/A       9%          3
 Manifold Assault         Tloc           15%        N/A       61%         5


Dungeon Overview and Level Annotations

Branches:
Dungeon (2/15)

Altars:


Innate Abilities, Weirdness & Mutations

You have very sharp teeth.
Your uncanny sense of smell can sniff out nearby items.
Your experience applies equally to all skills.


Message History

The adder poisons you!
An orc comes into view. It is wielding a +0 whip.
You barely miss the adder.
You feel sick. The adder bites you but does no damage. The kobold misses you.
The adder bites you but does no damage. The kobold hits you but does no damage.
An orc comes into view. It is wielding a +0 dagger.
The orc shouts!
You hit the adder. Your bite misses the adder.
The adder is lightly wounded.
You feel sick.
You hear a shout!
The adder bites you. The kobold hits you with a +0 dagger. The adder bites you.
The orc moves out of view.
You miss the adder.
The adder is lightly wounded.
You feel sick. The kobold hits you but does no damage.
The adder barely misses you.
You hit the adder but do no damage.
The adder is lightly wounded.
You feel sick.
An orc comes into view. It is wielding a +0 short sword.
The adder closely misses you. The kobold hits you with a +0 dagger.
You hit the adder.
The adder is heavily wounded.
You feel sick.
You are no longer poisoned.
The adder barely misses you. The kobold hits you with a +0 dagger.
* * * LOW HITPOINT WARNING * * *
The adder closely misses you.
You hit the adder. Your punch misses the adder.
The adder is severely wounded.
The adder bites you but does no damage. The kobold barely misses you.
The kobold hits you with a +0 dagger.
* * * LOW HITPOINT WARNING * * *
The adder bites you.
* * * LOW HITPOINT WARNING * * *
You miss the adder.
The adder is severely wounded.
The adder bites you.
You die...

# #. ...
#... #....
.....o####
#.ooS.#
#.###@#
#K# #h#
#h# .h#
...# ∆
#...#
#...#
#...#


You could see an orc priest, an adder, 2 orcs, 3 jackals and a kobold.

Vanquished Creatures
  An adder (D:2)
  A ball python (D:1)
  An endoplasm (D:1)
  A giant cockroach (D:1)
  2 hobgoblins
  A jackal (D:2)
  3 bats
  4 frilled lizards (D:1)
  4 rats (D:1)
18 creatures vanquished.

Notes
Turn   | Place    | Note
-------+----------+-------------------------------------------
     0 | D:1      | Ablot the Gnoll Warper began the quest for the Orb.
     0 | D:1      | Reached XP level 1. HP: 20/20 MP: 6/6
    40 | D:1      | Found a faded altar of an unknown god.
   131 | D:1      | Reached XP level 2. HP: 26/26 MP: 7/7
   140 | D:1      | Learned a level 2 spell: Blink
   667 | D:2      | Reached XP level 3. HP: 26/31 MP: 9/9
   682 | D:2      | Slain by an adder

Illustrated notes

Levels and vault maps discovered:
D:1:      dpeg_arrival_rooms_with_view, layout_basic, basic_ecumenical_altar
D:2:      layout_loops_ring, uniq_crazy_yiuf_cottage

Action                   || total
-------------------------++-------
Melee: Spear             ||    58
       Bite              ||     1
       Punch             ||     1
       Staff             ||     8
 Stab: Sleeping          ||     3
Armor: Leather armour    ||    14
Dodge: Dodged            ||    33
